 Dungeon Crawl Stone Soup version 0.26-a0-710-g95a0c6c400 (webtiles) character file.

Game seed: 12959073110953998791

5245 Ijustatesigmund the Basher (level 10, -6/72 HPs)
             Began as an Octopode Fighter on Oct 30, 2020.
             Was a Follower of Cheibriados.
             Mangled by Maurice
             ... wielding a +2 long sword
              (10 damage)
             ... on level 8 of the Dungeon.
             The game lasted 00:11:27 (9075 turns).

Ijustatesigmund the Basher (Octopode Fighter)       Turns: 9075, Time: 00:11:27

Health: -6/72      AC: -3    Str: 17    XL:     10   Next: 62%
Magic:  14/14      EV: 16    Int: 15    God:    Cheibriados [*.....]
Gold:   0          SH: 15    Dex: 15    Spells: 9/9 levels left

rFire    . . .     SeeInvis .   a - +4 flail
rCold    . . .     Faith    .   b - +0 kite shield
rNeg     . . .     Spirit   .   (helmet restricted)
rPois    .         Reflect  +   q - amulet of reflection
rElec    .         Harm     .   (no ring)
rCorr    .         Rampage  .   (no ring)
MR       .....                  (no ring)
Stlth    ++........             (no ring)
HPRegen  0.22/turn              (no ring)
MPRegen  0.14/turn              (no ring)
                                (no ring)
                                (no ring)

@: corroded, very slow
A: almost no armour, stealthy swim, amphibious, 8 rings, constrict 8, camouflage
1, gelatinous body 1
a: Bend Time, Renounce Religion


You were on level 8 of the Dungeon.
You worshipped Cheibriados.
Cheibriados was aware of your devotion.
You visited 2 branches of the dungeon, and saw 10 of its levels.

Inventory:

Hand Weapons
 a - a +4 flail (weapon)
Armour
 b - a +0 kite shield (worn)
Jewellery
 j - an uncursed ring of fire
 q - an amulet of reflection (around mantle)
Wands
 d - a wand of disintegration (13)
 n - a wand of flame (9)
 t - a wand of enslavement (4)
 u - a wand of paralysis (5)
 y - a wand of random effects (28)
Scrolls
 c - 2 scrolls of amnesia
 h - 3 scrolls of fear
 o - 2 scrolls of blinking
 v - 2 scrolls of remove curse
 w - a scroll of teleportation
 x - a scroll of identify
Potions
 e - 2 potions of brilliance
 f - a potion of flight
 i - 2 potions of lignification {unknown}
 k - a potion of degeneration {unknown}
 l - a potion of curing
 m - a potion of ambrosia {unknown}
 p - 3 potions of haste {unknown}
 r - a potion of heal wounds
 s - a potion of stabbing {unknown}


   Skills:
 + Level 8.0 Fighting
 + Level 8.4 Maces & Flails
 + Level 7.0 Dodging
 + Level 7.0 Shields
 * Level 6.6 Invocations


You had 9 spell levels left.
You didn't know any spells.
Your spell library contained the following spells:

 Spells                   Type           Power        Failure   Level
 Shock                    Conj/Air       #...         58%         1
 Swiftness                Air            #.......     75%         2
 Static Discharge         Conj/Air       #.......     92%         3
 Airstrike                Air            #.........   100%        4
 Lightning Bolt           Conj/Air       #.........   100%        5


Dungeon Overview and Level Annotations

Branches:
Dungeon (9/15)             Temple (1/1) D:4
   Lair: D:8-11         Orc: D:9-12

Altars:
Ashenzari
Cheibriados
Dithmenos
Elyvilon
Fedhas
Gozag
Hepliaklqana
Kikubaaqudgha
Makhleb
Nemelex Xobeh
Okawaru
Qazlal
Ru
Sif Muna
Trog
Uskayaw
Vehumet
Wu Jian
Xom
Yredelemnul
Zin
The Shining One

Annotations:
D:6 1 runed translucent door, EnegeticOcto's ghost, amateur HaIE
D:8 Maurice


Innate Abilities, Weirdness & Mutations

You cannot wear most types of armour.
You are very stealthy in the water. (Stealth+)
You are amphibious.
You can wear up to eight rings at the same time.
You can use your tentacles to constrict eight enemies at once.
Your skin changes colour to match your surroundings (Stealth+).
Your rubbery body absorbs attacks. (AC +1, EV +1)


Message History

Something picks up a stone.
You block something's attack.
You miss something. Something hits you but does no damage.
You sock something! Your squeeze misses something. Something hits you!
Something steals your wand of acid (9)!
You hit something. You squeeze something. You hit something.
You hear a zap.
A bolt of acid appears from out of thin air!
The bolt of acid hits you! The acid corrodes you!
You are splashed with acid!
* * * LOW HITPOINT WARNING * * *
You barely miss something. Something hits you.
* * * LOW HITPOINT WARNING * * *
Something steals 19 gold pieces!
You now have 0 gold pieces.
You miss something. Your squeeze misses something. Something hits you!
* * * LOW HITPOINT WARNING * * *
Something grunts, "Curses!"
You hear some strange, mumbled words.
You hit something. Something hits you!
You die...

#.#.#####.##..#
#.#.#####.###.# #.#.......#
#.# #.######### #[# #.
#.###### #### #># #......#
.#.######.#### #.####.#
..#..........########(# #.#
...............{@.((..# #.#
.#.######.##...######## #.#
...######.##...##### #.#
.........†##...#...#######.#
.##(.....).................#
###.#####[.........#########
# #.# #.........## ###.#
#.##...#### .##.#####<##...#


There were no monsters in sight!

Vanquished Creatures
  Harold (D:7)
  Erica (D:8)
  A two-headed ogre (D:8)
  Pikel (D:8)
  Grinder (D:4)
  Sigmund (D:5)
  Duvessa (D:7)
  3 orc warriors
  A phantom (D:6)
  An ice beast (D:8)
  3 ogres
  2 lemures
  2 centaurs (D:6)
  4 bullfrogs
  A wyvern skeleton (D:4)
  2 scorpions
  A water moccasin skeleton (D:6)
  Dowan (D:7)
  3 wights (D:8)
  A howler monkey (D:6)
  A bullfrog zombie (D:5)
  A centaur zombie (D:6)
  2 hounds
  3 orc wizards
  3 orc priests
  A bullfrog skeleton (D:5)
  5 iguanas
  4 worker ants
  Natasha (thrice) (D:3)
  2 worker ant zombies
  7 adders
  2 shadow imps
  5 white imps
  An ufetubus (D:5)
  An ooze (D:3)
  An adder skeleton (D:4)
  2 dart slugs
  3 leopard geckos
  15 orcs
  3 giant cockroaches (D:2)
  5 goblins (D:2)
  6 hobgoblins
  8 jackals (D:4)
  4 quokkas
  A ball python (D:1)
  4 bats
  4 frilled lizards
  A jackal skeleton (D:4)
  5 kobolds
  4 rats
139 creatures vanquished.

Notes
Turn   | Place    | Note
-------+----------+-------------------------------------------
     0 | D:1      | Ijustatesigmund the Octopode Fighter began the quest for
                  | the Orb.
     0 | D:1      | Reached XP level 1. HP: 16/16 MP: 1/1
   622 | D:2      | Reached XP level 2. HP: 21/21 MP: 2/2
   845 | D:2      | Reached XP level 3. HP: 23/26 MP: 3/3
  1297 | D:3      | Reached XP level 4. HP: 27/33 MP: 4/4
  1431 | D:3      | Noticed Natasha
  1437 | D:3      | Killed Natasha
  1653 | D:3      | Noticed Natasha
  1662 | D:3      | Killed Natasha
  1803 | D:3      | Noticed Natasha
  1810 | D:3      | Killed Natasha
  1810 | D:3      | Reached XP level 5. HP: 37/37 MP: 5/5
  1886 | D:4      | Reached skill level 5 in Maces & Flails
  1997 | D:4      | Found a staircase to the Ecumenical Temple.
  2025 | D:4      | Reached XP level 6. HP: 44/44 MP: 6/6
  2044 | Temple   | Entered the Ecumenical Temple
  2924 | D:4      | Noticed Grinder
  2931 | D:4      | Killed Grinder
  2931 | D:4      | Reached XP level 7. HP: 23/49 MP: 7/7
  3122 | D:4      | Reached skill level 5 in Fighting
  3690 | D:5      | Entered Level 5 of the Dungeon
  4019 | D:5      | Noticed Sigmund
  4026 | D:5      | Killed Sigmund
  4173 | D:5      | Found a hide-covered altar of Uskayaw.
  4394 | D:5      | Reached XP level 8. HP: 49/56 MP: 8/8
  4438 | D:5      | Found a stormy altar of Qazlal.
  5091 | D:6      | Noticed EnegeticOcto's ghost (amateur HaIE)
  5092 | D:6      | Found a runed translucent door.
  5138 | D:6      | Reached skill level 5 in Dodging
  5142 | D:6      | Reached skill level 5 in Shields
  5756 | D:6      | Reached XP level 9. HP: 25/63 MP: 9/9
  6632 | Temple   | Became a worshipper of Cheibriados the Contemplative
  6695 | D:7      | Found the +2 hood of the Assassin {Detection Stab+ Stlth++}
  6695 | D:7      | Noticed Dowan
  6697 | D:7      | Noticed Duvessa
  6703 | D:7      | Killed Dowan
  6717 | D:7      | Killed Duvessa
  6717 | D:7      | Reached skill level 1 in Invocations
  7342 | D:7      | Noticed Harold
  7355 | D:7      | Killed Harold
  7567 | D:8      | Noticed a two-headed ogre
  7577 | D:8      | Killed a two-headed ogre
  7577 | D:8      | Reached skill level 5 in Invocations
  7577 | D:8      | Reached XP level 10. HP: 20/71 MP: 13/13
  7874 | D:8      | Noticed Maurice
  7991 | D:8      | Noticed Erica
  7998 | D:8      | Killed Erica
  8282 | D:9      | Reached * piety under Cheibriados
  8318 | D:8      | Noticed Pikel
  8329 | D:8      | Killed Pikel
  8699 | D:8      | Found a bloodstained altar of Trog.
  9075 | D:8      | Mangled by Maurice

Illustrated notes

Levels and vault maps discovered:
D:1:      giann_forest_graveyard, layout_loops_ring
D:2:      layout_basic
D:3:      layout_rooms, lemuel_another_geyser, uniq_natasha
D:4:      layout_cave_pods, minmay_temple_entry_drinking_statues, uniq_grinder
D:5:      layout_loops_ring, nicolae_overflow_crystal_walls,
          nicolae_qazlal_eye_of_the_storm, uniq_sigmund
D:6:      hangedman_cross_stitches, layout_gridville, gammafunk_ghost_grave,
          kennysheep_potato
D:7:      layout_basic, uniq_duvessa, uniq_harold
D:8:      layout_loops_ring, trog_book, uniq_maurice, uniq_erica, uniq_pikel
D:9:      layout_long_grid, uniq_maggie
Temple:   nicolae_temple_the_god_donut

Skill      XL: |  1  2  3  4  5  6  7  8  9 10 |
---------------+-------------------------------+-----
Maces & Flails | 3 4 5 6 7 8 |  8.4
Fighting       | 4 5 6 7 8 |  8.0
Dodging        | 4 5 6 7 |  7.0
Shields        | 4 5 6 7 |  7.0
Invocations    | 5 6 |  6.6

Action                   |  1- 3 |  4- 6 |  7- 9 | 10-12 || total
-------------------------+-------+-------+-------+-------++-------
Melee: Flail             |    59 |    44 |   170 |    98 ||   371
       Constrict         |    15 |    10 |    36 |    17 ||    78
       Tentacles         |     9 |     8 |    38 |    21 ||    76
  Use: Scroll            |       |    12 |     6 |       ||    18
       Potion            |       |       |     4 |     1 ||     5
 Stab: Sleeping          |     5 |       |     7 |     1 ||    13
       Distracted        |     1 |     1 |       |       ||     2
Armor: Skin              |     2 |     2 |     3 |     1 ||     8
Dodge: Dodged            |    29 |    17 |    62 |    32 ||   140
Block: Kite shield       |    19 |    29 |   102 |    58 ||   208
       Reflection        |       |       |     6 |     2 ||     8

Table legend: (Time is in decaauts)
 A = Elapsed time spent in this place.
 B = Non-inter-level travel time spent in this place.
 C = Inter-level travel time spent in this place.
 D = Time resting spent in this place.
 E = Time spent auto-exploring this place.
 F = Levels seen in this place.
 G = Mean time per level.
                   A        B        C        D        E       F      G
               +--------+--------+--------+--------+--------+-----+--------+
         Total |   9422 |   9048 |    374 |   2322 |   5561 |  10 |  942.2 |
       Dungeon |   8756 |   8440 |    316 |   2322 |   4954 |   9 |  972.9 |
        Temple |    665 |    608 |     57 |      0 |    607 |   1 |  665.0 |
               +--------+--------+--------+--------+--------+-----+--------+

Top non-repeatable levels by time:
     D:6: 1936 daAuts
     D:8: 1472 daAuts
     D:4: 1268 daAuts
     D:5: 1012 daAuts
     D:7: 957 daAuts
  Temple: 665 daAuts
     D:2: 633 daAuts
     D:3: 624 daAuts
     D:1: 622 daAuts
     D:9: 229 daAuts
